 Dungeon Crawl Stone Soup version 0.20-b1 (webtiles) character file.

16990 Inarius the Blocker (level 12, -4/84 HPs)
             Began as a Minotaur Fighter on May 18, 2017.
             Was a Priest of Trog.
             Slain by Rupert
             ... wielding a +1 great mace of protection
              (19 damage)
             ... on level 11 of the Dungeon.
             The game lasted 00:29:04 (9271 turns).

Inarius the Blocker (Minotaur Fighter)              Turns: 9271, Time: 00:29:05

Health: -4/84      AC: 24    Str: 23    XL:     12   Next: 14%
Magic:  11/11      EV: 15    Int:  7    God:    Trog [***...]
Gold:   515        SH: 18    Dex: 17    Spells: 11/11 levels left

rFire    + . .     SeeInvis .   o - +7 rapier of Doom {flame, *Noise rC+++ Dex+3}
rCold    + + +     Gourm    .   c - +0 shield
rNeg     . . .     Faith    .   k - +6 chain mail of the Undertaker {Dex+3}
rPois    .         Spirit   .   (helmet restricted)
rElec    .         Reflect  .   x - +0 cloak
rCorr    .         Harm     .   D - +0 pair of gloves
MR       ++...     Rnd*Rage +   h - +2 pair of boots Stlth ..........Rnd*Tele +
                                (no amulet)
Regen    1.3/turn               q - ring of protection from fire
MPRegen  0.2/turn               (no ring)

@: regenerating, slowed, very slow
A: retaliatory headbutt, horns 2, repulsion field 1, large bone plates 1,
berserk 1, clever 1, frail 2, sense surroundings 1, teleportitis 1, weak 1,
sturdy frame 1
a: Berserk, Trog's Hand, Burn Spellbooks, Renounce Religion


You were on level 11 of the Dungeon.
You worshipped Trog.
Trog was most pleased with you.
You were not hungry.

You visited 2 branches of the dungeon, and saw 13 of its levels.
You also visited: Ossuary.

You collected 878 gold pieces.
You spent 363 gold pieces at shops.

Inventory:

Hand Weapons
 d - a +3 vampiric trident
 g - a +3 dagger of draining
 o - the +7 rapier of Doom (weapon) {flame, *Noise rC+++ Dex+3}
   (You found it on level 11 of the Dungeon)

   It has been specially enchanted to burn those struck by it, causing extra
   injury to most foes and up to half again as much damage against particularly
   susceptible opponents.
   It affects your dexterity (+3).
   It renders you almost immune to cold.
   It may make noises in combat.
Armour
 c - a +0 shield (worn)
 h - a +2 pair of boots (worn)
 k - the +6 chain mail of the Undertaker (worn) {Dex+3}
   (You found it on level 6 of the Dungeon)

   It affects your dexterity (+3).
 x - a +0 cloak (worn)
 D - a +0 pair of gloves (worn)
Jewellery
 q - a ring of protection from fire (left hand)
Wands
 l - a wand of clouds (4/9)
 B - a wand of digging (9/24)
 E - a wand of paralysis (9/24)
 G - a wand of paralysis (3/24)
 J - a wand of random effects (33/48)
Scrolls
 a - 3 scrolls of remove curse
 n - 3 scrolls of teleportation
 r - 4 scrolls of amnesia
 t - a scroll of holy word
 w - 2 scrolls of immolation
 y - a scroll of recharging
 C - a scroll of blinking
 F - 3 scrolls of enchant armour {unknown}
 H - a scroll of fear
Potions
 b - 2 potions of flight
 e - 5 potions of berserk rage {unknown}
 j - 3 potions of agility {unknown}
 p - 6 potions of heal wounds {unknown}
 s - 2 potions of lignification
 u - 2 potions of cancellation
 v - 6 potions of curing
 z - 3 potions of might
 A - a potion of invisibility
Comestibles
 f - 6 bread rations
 i - 3 meat rations
 m - 7 royal jellies


   Skills:
 + Level 10.2 Fighting
 + Level 7.1(7.3) Short Blades
   Level 2.7(5.6) Long Blades
 * Level 9.9 Polearms
 + Level 11.1 Armour
 + Level 7.5 Dodging
 + Level 0.3 Stealth
 + Level 13.5 Shields


You had 11 spell levels left.
You didn't know any spells.

Dungeon Overview and Level Annotations

Branches:
Dungeon (12/15)            Temple (1/1) D:7            Lair (0/6) D:9
    Orc: D:9-12

Altars:
Ashenzari
Cheibriados
Dithmenos
Elyvilon
Fedhas
Gozag
Hepliaklqana
Kikubaaqudgha
Makhleb
Nemelex Xobeh
Okawaru
Qazlal
Ru
Sif Muna
Trog
Uskayaw
Vehumet
Xom
Yredelemnul
Zin
The Shining One

Shops:
D:6 :*[[:   D:9 *

Annotations:
D:11 Rupert


Innate Abilities, Weirdness & Mutations

You reflexively headbutt those who attack you in melee.
You have a pair of horns on your head.
You are surrounded by a mild repulsion field. (EV +2)
You are partially covered in large bone plates. (SH +4)
You tend to lose your temper in combat.
Your mind is acute. (Int +2)
You are very frail. (-20% HP)
You passively map a small area around you.
You are occasionally teleported next to monsters.
You are weak. (Str -2)
Your movements are slightly less encumbered by armour. (ER -2)


Message History

Rupert hits you with a great mace of protection!!
* * * LOW HITPOINT WARNING * * *
The scorpion barely misses you.
Things that are here:
a mace; a morningstar You block Rupert's attack.
The ogre misses you. Rupert barely misses you. You furiously retaliate!
You headbutt Rupert, but do no damage.
There is a stone staircase leading up, spattered with blood here.
Things that are here:
7 poisoned tomahawks; 13 arrows Rupert hits you with a great mace of protection!
* * * LOW HITPOINT WARNING * * *
You block the ogre's attack.
You climb upwards.
There is a stone staircase leading down here.
Your skin crawls.
You feel resistant to hostile enchantments.
You feel quite a bit more hungry.
Rupert hits you with a great mace of protection!!
You die...

#......######## #...).........#
#.............#
###.............#################
.........................>.......
.................##############..
...%.............# #..
...............@.# #..
...............O@##############..
...........)...[[................
###............(.................
#............################..
#..#####.##### #.. #..# #..# #..
###..####.#####################..
.................................
............############.###.....


You could see Rupert (berserk) and an ogre.

Vanquished Creatures
  Nessos (D:12)
  A hydra (D:11)
  A two-headed ogre (D:11)
  3 death yaks (D:8)
  Pikel (D:7)
  Maurice (D:8)
  An ice statue (D:11)
  A guardian serpent (D:11)
  2 gargoyles (D:12)
  2 trolls
  2 hippogriffs
  Sigmund (D:3)
  A spriggan (D:8)
  A yak (D:11)
  A wraith (D:11)
  A basilisk (D:9)
  3 water moccasins (D:8)
  Duvessa (D:6)
  3 porcupines
  3 sky beasts
  5 phantoms
  5 orc warriors
  2 ice beasts
  An eye of draining (D:10)
  A necrophage (D:10)
  4 ogres
  4 centaurs
  A crocodile (D:9)
  4 bullfrogs
  6 scorpions
  Dowan (D:6)
  13 killer bees
  13 wights
  6 electric eels (D:8)
  2 howler monkeys
  4 crimson imps
  2 bullfrog zombies
  2 centaur zombies
  5 hounds
  2 quasits
  3 jellies
  A bullfrog skeleton (D:8)
  7 orc priests
  5 centaur skeletons
  Natasha (thrice) (D:2)
  A hell rat (D:9)
  4 iguanas
  4 orc wizards
  7 worker ants
  2 hound skeletons
  A worker ant zombie (D:8)
  8 mummies (Ossuary)
  7 gnolls
  6 adders
  3 river rats
  4 shadow imps
  2 oozes
  2 adder zombies
  A worm (D:4)
  11 leopard geckos
  13 orcs
  2 ball pythons
  10 bats
  3 giant cockroaches
  14 goblins
  3 hobgoblins
  A jackal (D:6)
  4 quokkas
  2 frilled lizards
  A gnoll zombie (Ossuary)
  A hobgoblin zombie (Ossuary)
  7 kobolds
  3 kobold zombies (Ossuary)
  A leopard gecko zombie (D:6)
  3 orc zombies (Ossuary)
  6 rats
270 creatures vanquished.

Vanquished Creatures (others)
  A slave (D:7)
  A bullfrog (D:8)
  2 howler monkeys (D:7)
  An electric eel (D:8)
  An orc wizard (D:10)
6 creatures vanquished.

Grand Total: 276 creatures vanquished

Notes
Turn   | Place    | Note
-------+----------+-------------------------------------------
     0 | D:1      | Inarius the Minotaur Fighter began the quest for the Orb.
     0 | D:1      | Reached XP level 1. HP: 19/19 MP: 0/0
    96 | D:1      | Reached XP level 2. HP: 26/27 MP: 1/1
   121 | D:1      | Reached skill level 4 in Shields
   481 | D:1      | Reached XP level 3. HP: 32/33 MP: 2/2
   739 | D:2      | Found an iron altar of Okawaru.
   760 | D:2      | Noticed Natasha
   764 | D:2      | Killed Natasha
   898 | D:2      | Noticed Natasha
   906 | D:2      | Killed Natasha
   906 | D:2      | Reached XP level 4. HP: 30/41 MP: 3/3
   915 | D:2      | Noticed Natasha
   920 | D:2      | Killed Natasha
  1441 | D:3      | Reached skill level 1 in Dodging
  1476 | D:3      | Noticed Sigmund
  1497 | D:3      | Killed Sigmund
  1497 | D:3      | Reached skill level 5 in Fighting
  1497 | D:3      | Reached skill level 1 in Short Blades
  1497 | D:3      | Reached skill level 5 in Armour
  1497 | D:3      | Reached skill level 5 in Shields
  1497 | D:3      | Reached XP level 5. HP: 22/48 MP: 4/4
  1497 | D:3      | Reached XP level 6. HP: 26/56 MP: 5/5
  1977 | D:3      | Found a stormy altar of Qazlal.
  1980 | D:3      | Found a blossoming altar of Fedhas.
  1981 | D:3      | Found a burning altar of Makhleb.
  2070 | D:3      | Found a glowing silver altar of Zin.
  2495 | D:4      | Gained mutation: You are agile. (Dex +2) [potion of mutation]
  2495 | D:4      | Gained mutation: You are surrounded by a mild repulsion field. (EV +2) [potion of mutation]
  2495 | D:4      | Gained mutation: You are partially covered in large bone plates. (SH +4) [potion of mutation]
  2829 | D:5      | Entered Level 5 of the Dungeon
  2862 | D:5      | Reached XP level 7. HP: 57/61 MP: 6/6
  2904 | D:5      | Reached skill level 6 in Shields
  3410 | D:5      | Reached skill level 7 in Shields
  3410 | D:5      | Reached XP level 8. HP: 46/68 MP: 7/7
  3418 | D:5      | Gained mutation: Your movements are slightly less encumbered by armour. (ER -2) [mutagenic meat]
  3419 | D:5      | Gained mutation: You are frail. (-10% HP) [mutagenic meat]
  3422 | D:5      | Gained mutation: You are occasionally teleported next to monsters. [mutagenic meat]
  3423 | D:5      | Gained mutation: Your mind is acute. (Int +2) [mutagenic meat]
  3501 | D:6      | Found Goynam's Antique Armour Emporium.
  3556 | D:6      | Found Ykokh's Book Shoppe.
  3556 | D:6      | Noticed Dowan
  3560 | D:6      | Noticed Duvessa
  3574 | D:6      | Killed Dowan
  3586 | D:6      | Killed Duvessa
  3586 | D:6      | Reached skill level 5 in Short Blades
  3611 | D:6      | Found Lifag's Book Emporium.
  3684 | D:6      | Found Xebben's Assorted Antiques.
  3698 | D:6      | Found Heukomye's Antique Armour Shop.
  3757 | D:6      | Found a sand-covered staircase.
  3762 | Ossuary  | Entered an ossuary
  3799 | Ossuary  | Reached skill level 8 in Shields
  3945 | Ossuary  | Reached skill level 10 in Armour
  3945 | Ossuary  | Reached skill level 10 in Shields
  3945 | Ossuary  | Reached XP level 9. HP: 72/73 MP: 8/8
  4035 | D:6      | Found a hazy altar of Hepliaklqana.
  4053 | D:6      | Got a pitted chain mail
  4064 | D:6      | Identified the +6 chain mail of the Undertaker {Dex+3} (You found it on level 6 of the Dungeon)
  4233 | D:6      | Bought a scroll labeled ASOMAT KOAGHU for 19 gold pieces
  4233 | D:6      | Bought a scroll labeled WIGRIP TIXT for 19 gold pieces
  4466 | D:6      | Bought a pair of runed boots for 202 gold pieces
  4666 | D:7      | Noticed Pikel
  4680 | D:7      | Killed Pikel
  4680 | D:7      | Reached skill level 11 in Shields
  4680 | D:7      | Reached XP level 10. HP: 81/81 MP: 9/9
  4687 | D:7      | Found a staircase to the Ecumenical Temple.
  4716 | Temple   | Entered the Ecumenical Temple
  4773 | Temple   | Became a worshipper of Trog the Wrathful
  4861 | D:7      | Found a sparkling altar of Nemelex Xobeh.
  5338 | D:8      | Reached skill level 1 in Polearms
  5376 | D:8      | Noticed Maurice
  5429 | D:8      | Killed Maurice
  5568 | D:8      | Reached * piety under Trog
  5798 | D:8      | Found a shimmering altar of Xom.
  6037 | D:9      | Found a staircase to the Lair.
  6037 | D:9      | Noticed a death yak
  6037 | D:9      | Noticed a death yak
  6039 | D:9      | Noticed a death yak
  6067 | D:8      | Killed a death yak
  6067 | D:8      | Reached skill level 5 in Polearms
  6089 | D:8      | Killed a death yak
  6121 | D:9      | Reached XP level 11. HP: 47/87 MP: 10/10
  6138 | D:8      | Killed a death yak
  6138 | D:8      | Reached skill level 12 in Shields
  6526 | D:9      | Found Gaevonn's General Store.
  6538 | D:9      | Bought a scroll of identify for 26 gold pieces
  6538 | D:9      | Bought a scroll of enchant weapon for 97 gold pieces
  6568 | D:9      | Reached ** piety under Trog
  6858 | D:9      | Found a shattered altar of Ashenzari.
  6913 | D:9      | Found a white marble altar of Elyvilon.
  6918 | D:9      | Found a radiant altar of Vehumet.
  6923 | D:9      | Found a snail-covered altar of Cheibriados.
  7165 | D:10     | Entered Level 10 of the Dungeon
  7808 | D:11     | Reached *** piety under Trog
  7812 | D:11     | Got a scorched rapier
  7813 | D:11     | Identified the +7 rapier of Doom {flame, *Noise rC+++ Dex+3} (You found it on level 11 of the Dungeon)
  7896 | D:11     | Noticed a two-headed ogre
  7908 | D:11     | Killed a two-headed ogre
  8245 | D:11     | Reached skill level 13 in Shields
  8398 | D:11     | Reached skill level 10 in Fighting
  8402 | D:11     | Gained mutation: You tend to lose your temper in combat. [mutagenic meat]
  8403 | D:11     | Gained mutation: You passively map a small area around you. [mutagenic meat]
  8404 | D:11     | Gained mutation: You are very frail. (-20% HP) [mutagenic meat]
  8406 | D:11     | Gained mutation: You are weak. (Str -2) [mutagenic meat]
  8407 | D:11     | Lost mutation: You are agile. (Dex +2) [mutagenic meat]
  8820 | D:12     | Noticed Nessos
  9090 | D:12     | Noticed a seven-headed hydra
  9125 | D:11     | Killed a seven-headed hydra
  9125 | D:11     | Reached XP level 12. HP: 57/84 MP: 11/11
  9236 | D:12     | Received a gift from Trog
  9258 | D:12     | Noticed Rupert
  9259 | D:12     | Killed Nessos
  9271 | D:11     | Slain by Rupert

Skill      XL: |  1  2  3  4  5  6  7  8  9 10 11 12 |
---------------+-------------------------------------+-----
Shields        | 4 5 7 10 11 13 | 13.5
Armour         | 4 5 6 7 10 11 | 11.1
Fighting       | 4 5 8 9 10 | 10.2
Dodging        | 1 2 6 7 |  7.5
Short Blades   | 1 2 4 5 6 7 |  7.1
Polearms       | 6 9 |  9.9
Long Blades    | |  2.7
Stealth        | |  0.3

Action                   |  1- 3 |  4- 6 |  7- 9 | 10-12 || total
-------------------------+-------+-------+-------+-------++-------
Melee: Long sword        |    34 |       |       |       ||    34
       Headbutt          |     6 |    25 |    57 |   185 ||   273
       Dagger            |    23 |   103 |   253 |    11 ||   390
       Trident           |       |       |       |   458 ||   458
       Rapier            |       |       |       |   133 ||   133
Invok: Burn Spellbooks   |       |       |       |     1 ||     1
       Trog's Hand       |       |       |       |     1 ||     1
  Use: Potion            |       |     4 |     1 |       ||     5
       Scroll            |       |     7 |     9 |     8 ||    24
  Eat: Chunk             |       |     6 |    12 |    12 ||    30
       Meat ration       |       |       |       |     2 ||     2
       Bread ration      |       |       |       |     1 ||     1
Armor: Scale mail        |    28 |     4 |       |       ||    32
       Chain mail        |       |    36 |    65 |   192 ||   293
Dodge: Dodged            |    23 |    17 |    61 |   291 ||   392
Block: Shield            |    28 |    48 |   164 |   564 ||   804
       Rpst.: Long sword |     5 |       |       |       ||     5
